 Dungeon Crawl Stone Soup version 0.27-a0-1612-gde56a17b89 (webtiles) character file.

Game seed: 15033295426840828732

41 tilp the Chiller (level 3, -1/14 HPs)
             Began as a Felid Ice Elementalist on July 21, 2021.
             Was a Follower of Cheibriados.
             Killed from afar by a white imp (5 damage)
             ... with a puff of frost
             ... on level 3 of the Dungeon.
             The game lasted 00:10:13 (5111 turns).

tilp the Chiller (Felid Ice Elementalist)           Turns: 5111, Time: 00:10:13

Health: -1/14      AC:  1    Str:  7    XL:     3   Next: 32%
Magic:  0/7        EV: 19    Int: 20    God:    Cheibriados [*.....]
Gold:   157        SH:  0    Dex: 19    Spells: 2/6 levels left
                                        Lives:  0   Deaths: 1

rFire    . . .     SeeInvis +   (weapon unavailable)
rCold    . . .     Faith    .   (shield unavailable)
rNeg     . . .     Spirit   +   (armour unavailable)
rPois    .         Reflect  .   (helmet unavailable)
rElec    .         Harm     .   (cloak unavailable)
rCorr    .         Rampage  .   (gloves unavailable)
Will     .....                  (boots unavailable)
Stlth    +++.......             c - amulet of guardian spirit
HPRegen  0.04/turn              p - ring of ice
MPRegen  0.10/turn              h - ring of fire

@: slow
A: very small, claws 1, fangs 3, see invisible, speed 1, shaggy fur 1, stealthy
paws, no weapons or thrown items, no armour, multi-lived
a: Renounce Religion, Bend Time


You were on level 3 of the Dungeon.
You worshipped Cheibriados.
Cheibriados was aware of your devotion.
You visited 1 branch of the dungeon, and saw 3 of its levels.

You collected 157 gold pieces.

Inventory:

Jewellery
 c - an amulet of guardian spirit (around neck)
 h - a ring of fire (right paw)
 m - a ring of fire
 p - a ring of ice (left paw)
Scrolls
 b - a scroll of immolation
 d - 5 scrolls of teleportation
 i - 2 scrolls of fog
 n - a scroll of vulnerability {unknown}
 o - a scroll of torment {unknown}
 r - a scroll of brand weapon {unknown}
 t - a scroll of identify {unknown}
Potions
 a - a potion of berserk rage {unknown}
 e - a potion of lignification {unknown}
 f - a potion of invisibility {unknown}
 g - a potion of heal wounds {unknown}
 j - a potion of curing {unknown}
 k - a potion of attraction {unknown}
 l - a potion of magic {unknown}
 q - a potion of degeneration {unknown}
 s - a potion of might {unknown}


   Skills:
 - Level 4.0 Dodging
 - Level 4.0 Stealth
 - Level 2.0 Spellcasting
 + Level 4.5 Ice Magic


You had 2 spell levels left.
You knew the following spells:

 Your Spells              Type           Power      Damage    Failure   Level
a - Freeze                Ice            100%       1d11      2%          1
b - Frozen Ramparts       Ice            60%        1d8       8%          3

Your spell library contained the following spells:

 Spells                   Type           Power      Damage    Failure   Level
 Magic Dart               Conj           8%         1d3       16%         1
 Call Imp                 Summ           2%         N/A       24%         2
 Ozocubu's Armour         Ice            30%        N/A       8%          3
 Ignite Poison            Fire/Tmut/Pois 3%         N/A       43%         3
 Mephitic Cloud           Conj/Pois/Air  2%         N/A       43%         3
 Hailstorm                Conj/Ice       16%        3d6       52%         4
 Bolt of Magma            Conj/Fire/Erth 1%         4d4       99%         5


Dungeon Overview and Level Annotations

Branches:
Dungeon (3/15)

Altars:
Cheibriados

Shops:
D:1 [

Annotations:
D:3 exclusions: mummy and orc wizard


Innate Abilities, Weirdness & Mutations

You have sharp claws.
You have razor-sharp teeth.
You have supernaturally acute eyesight. (SInv)
You cover ground quickly. (Speed+)
You are covered in fur. (AC +1)
Your paws help you pounce on unaware monsters.
You are incapable of wielding weapons or throwing items.
You cannot wear armour.
You gain extra lives every three experience levels.


Message History

You are now level 3!
You rejoin the land of the living...
You open the door.
There is an open door here.
There is an open door here.
A white imp is nearby!
Unknown command.
Casting: Freeze (safe; 2% risk of failure)
Confirm with . or Enter, or press ? or * to list all spells.
Aiming: Freeze (safe; 2% risk of failure)
Press: ? - help, Shift-Dir - straight line, f/p - white imp
Aim: a white imp (moderately wounded, wandering, hasn't noticed you)
You feel a surge of power!
You freeze the white imp.
The white imp resists.
The white imp shouts!
The white imp is heavily wounded.
The white imp misses you.
Casting: Freeze (safe; 2% risk of failure)
Confirm with . or Enter, or press ? or * to list all spells.
Aiming: Freeze (safe; 2% risk of failure)
Press: ? - help, Shift-Dir - straight line, f/p - white imp
Aim: a white imp (heavily wounded)
You feel a surge of power!
You freeze the white imp but do no damage.
The white imp completely resists.
The white imp gestures at you. The puff of frost hits you!
Ouch! That really hurt!
* * * LOW HITPOINT WARNING * * *
Unknown command.
Casting: Freeze (safe; 2% risk of failure)
Confirm with . or Enter, or press ? or * to list all spells.
Aiming: Freeze (safe; 2% risk of failure)
Press: ? - help, Shift-Dir - straight line, f/p - white imp
Aim: a white imp (heavily wounded)
You feel a surge of power!
You freeze the white imp but do no damage.
The white imp completely resists.
The white imp gestures at you. The puff of frost hits you.
You die...

#)##.# #.# #.##.# #.# #.##..
..# #.#### ######### #.#
#.......# ######.#### ###
#.#.###.# #.........# ..
#..#.##.###.#.###.#.# .#
#.###.......@.# #.#.######.##
#..#.##.###.#5###............
#.#.###.# #.#.....#.#####†###
#.#.###.# #.##......# #5#..
#.......# #.###...#.# #.#.#
###.##### #.....^...# #.+.#
#.# ######(#### #.+.# #.#####
#.# #.+.# #.....# ##'## ###.#


You could see a white imp.

Vanquished Creatures
  An adder (D:3)
  2 worms (D:2)
  3 dart slugs
  2 endoplasms
  2 giant cockroaches
  7 goblins
  7 hobgoblins
  12 jackals
  5 quokkas
  3 ball pythons
  6 bats
  2 frilled lizards
  5 kobolds
  5 rats
62 creatures vanquished.

Notes
Turn   | Place    | Note
-------+----------+-------------------------------------------
     0 | D:1      | tilp the Felid Ice Elementalist began the quest for the
                  | Orb.
     0 | D:1      | Reached XP level 1. HP: 7/7 MP: 4/4
   965 | D:1      | Reached XP level 2. HP: 11/11 MP: 1/6
  1046 | D:1      | Found Curu's Armour Emporium.
  2485 | D:2      | Reached XP level 3. HP: 14/14 MP: 3/7
  2496 | D:1      | Learned a level 3 spell: Frozen Ramparts
  2531 | D:2      | Found a snail-covered altar of Cheibriados.
  2634 | D:2      | Became a worshipper of Cheibriados the Contemplative
  2659 | D:2      | Found a faded altar of an unknown god.
  3526 | D:2      | Reached * piety under Cheibriados
  4041 | D:3      | Reached XP level 4. HP: 18/18 MP: 4/8
  5053 | D:3      | Killed from afar by a white imp
  5054 | D:3      | Reached XP level 3. HP: 0/14 MP: 0/7
  5111 | D:3      | Killed from afar by a white imp

Illustrated notes

Levels and vault maps discovered:
D:1:      tarquinn_simple_flora_water_f, layout_loops_ring, serial_shops,
          shop_statue, minmay_split_cup_small
D:2:      layout_rooms, hellmonk_ecumenical_altar_blasted, basic_altar,
          minmay_tripent
D:3:      layout_loops_corners, chei_slow_surprise, mainiacjoe_overflow_alcove_4

Skill      XL: |  1  2  3 |
---------------+----------+-----
Ice Magic      | 4 |  4.5
Stealth        | 3 4 |  4.0
Dodging        | 3 4 |  4.0
Spellcasting   | |  2.0

Action                   |  1- 3 |  4- 6 || total
-------------------------+-------+-------++-------
Melee: Unarmed           |     2 |    19 ||    21
       Bite              |       |     3 ||     3
 Cast: Freeze            |    88 |    13 ||   101
       Frozen Ramparts   |     2 |     1 ||     3
  Use: Scroll            |     3 |       ||     3
 Stab: Sleeping          |     1 |     4 ||     5
Armor: Skin              |     1 |     1 ||     2
Dodge: Dodged            |    55 |    22 ||    77

Table legend: (Time is in decaauts)
 A = Elapsed time spent in this place.
 B = Non-inter-level travel time spent in this place.
 C = Inter-level travel time spent in this place.
 D = Time resting spent in this place.
 E = Time spent auto-exploring this place.
 F = Levels seen in this place.
 G = Mean time per level.
                   A        B        C        D        E       F      G
               +--------+--------+--------+--------+--------+-----+--------+
         Total |   5129 |   4986 |    143 |   2505 |   1728 |   3 | 1709.7 |
       Dungeon |   5129 |   4986 |    143 |   2505 |   1728 |   3 | 1709.7 |
               +--------+--------+--------+--------+--------+-----+--------+

Top non-repeatable levels by time:
     D:1: 2313 daAuts
     D:2: 1420 daAuts
     D:3: 1395 daAuts
